 Dungeon Crawl Stone Soup version 0.01-2177-gccf4c23808 (webtiles) character file.

Game seed: 166305144549397797, levelgen mode: classic

506 Amnesiac the Firebug (level 6, 0/5 HPs) Fairy Fire Elementalist. Began on July 14, 2020. Succumbed to an adder's poison ... on level 3 of the Dungeon. The game lasted 00:09:21 (1967 turns).

Amnesiac the Firebug (Fairy Fire Elementalist)      Turns: 1967, Time: 00:09:21

Health: 0/5        AC:  0    Str:  2    XL:     6 ^: 9
Magic:  1/3        EV: 28    Int: 19    God:
Gold:   158        SH:  0    Dex: 18    Spells: 8/14 levels left

rFire    . . .     Vision   .   (no jewelry)
rCold    . . .     Gourm    .
rNeg     . . .     Faith    .
rPois    .         Spirit   .
rElec    .         Reflect  .
rCorr    .         Harm     .
MR       +....
Stlth    +.........
HPRegen  0.11/turn
MPRegen  0.13/turn

@: lethally poisoned (0 -> -1), glowing, slow
A: tiny, no armour or weapons, only one jewelry slot, no melee attacks, fairy
magic, fairy shield, fairy light, decreased potion and divine healing, slowness
1, able to fly, insubstantial
a: Fly


You were on level 3 of the Dungeon.
You were not hungry.

You visited 1 branch of the dungeon, and saw 3 of its levels.

You collected 158 gold pieces.

Inventory:

Jewellery
 i - an uncursed ring of fire
Scrolls
 c - 2 scrolls of teleportation {!r}
 e - a scroll of blinking {!r}
 g - 3 scrolls of enchantment {!r}
 h - a scroll of fog {!r}
Potions
 a - 2 potions of agility {!q}
 d - a potion of lignification {!q}
 f - a potion of might {!q}
 k - a potion of curing {!q}
Comestibles
 b - 3 rations


   Skills:
 + Level 5.1 Dodging
 - Level 2.0 Stealth
 + Level 4.5 Spellcasting
 * Level 6.5 Fire Magic


You had 8 spell levels left.
You knew the following spells:

 Your Spells              Type           Power        Failure   Level  Hunger
a - Searing Ray           Fire           29 (50)      1%          2    #......
b - Foxfire               Fire           25 (25)      1%          1    None
s - Conjure Flame         Fire           29 (100)     2%          3    ###....

Your spell library contained the following spells:

 Spells                   Type           Power        Failure   Level  Hunger
 Inner Flame              Hex/Fire       16 (100)     11%         3    ###....
 Fireball                 Fire           29 (200)     24%         5    ######.
 Sticky Flame             Fire/Pois      16 (100)     34%         4    ####...


Dungeon Overview and Level Annotations

Branches:
Dungeon (3/8)

Altars:
Gozag Ym Sagoz


Innate Abilities, Weirdness & Mutations

You are too small to use any gear.
You can wear a single ring or amulet completely around your body.
You are incapable of melee of any kind.
Your magic reserves are extremely low but spells that normally cost one mana are free and all other spells cost one mana.
You are extremely frail but all attacks that strike you do exactly one damage.
You exude a bright light in a small radius around yourself.
The effect of potions and godly healing effects is reduced to match your tiny health and magic reserves.
You cover ground slowly.
You can fly continuously.
Your insubstantial form boosts your evasion and grants immunity to sticky flames, nets and constriction.


Message History

Partly explored, can't reach some items and places.
Partly explored, can't reach some items and places.
(D) Dungeon
Where to? (Enter - D:2 @ (x,y), ? - help)
What level of the Dungeon? (default 1, ? - help)
You enter the shallow water.
There is a stone staircase leading down here.
You climb downwards.
A worker ant and a skeleton come into view.
The worker ant twitches its antennae in your direction.
Found five items.
There is a stone staircase leading up here.
Casting: Searing Ray (safe; 1% risk of failure)
Confirm with . or Enter, or press ? or * to list all spells.
Aiming: Searing Ray (safe; 1% risk of failure)
Press: ? - help, Shift-Dir - straight line, f - hound skeleton
Aim: a hound skeleton (undamaged (22/22), haloed)
The searing ray hits the hound skeleton (4).
The hound skeleton is lightly damaged. (18/22) HP (Press . to maintain the ray.)
The hound skeleton completely misses you (0).
An adder comes into view.
The searing ray misses the hound skeleton.
The adder hisses angrily.
The hound skeleton misses you (0).
The hound skeleton barely misses you (0).
The searing ray hits the hound skeleton (8)!
The hound skeleton is heavily damaged. (10/22) HP The hound skeleton misses you (0).
The searing ray hits the hound skeleton (9)!
The hound skeleton is almost destroyed. (1/22) HP You finish channeling your searing ray.
The hound skeleton completely misses you (0).
Casting: Searing Ray (safe; 1% risk of failure)
Confirm with . or Enter, or press ? or * to list all spells.
Aiming: Searing Ray (safe; 1% risk of failure)
Press: ? - help, Shift-Dir - straight line, f/p - hound skeleton
Aim: a hound skeleton (almost destroyed (1/22), haloed)
The searing ray hits the hound skeleton (5).
You destroy the hound skeleton! (Press . to maintain the ray.)
The worker ant completely misses you (0).
A leopard gecko comes into view.
The worker ant completely misses you (0).
Casting: Searing Ray (safe; 1% risk of failure)
Confirm with . or Enter, or press ? or * to list all spells.
Aiming: Searing Ray (safe; 1% risk of failure)
Press: ? - help, Shift-Dir - straight line, f - worker ant
Aim: a worker ant (healthy (19/19), haloed)
The searing ray misses the worker ant. (Press . to maintain the ray.)
The worker ant bites you (4).
You are poisoned.
The worker ant poisons you!
The searing ray hits the worker ant (5).
The worker ant is moderately wounded. (14/19) HP You feel sick.
You are no longer poisoned.
The adder completely misses you (0). The worker ant bites you (3).
* * * LOW HITPOINT WARNING * * *
You are poisoned.
The worker ant poisons you! The adder bites you (1).
* * * LOW HITPOINT WARNING * * *
You die...

.. #######..#
##.....#...
##.....?....
#.%.........
#...........
##.$..a...]..
#...@S.......
#.............
#.............
#.............
#..l..........
#..........###
##...........
...?......##


You could see a worker ant, an adder and a leopard gecko.

Vanquished Creatures
  2 big kobolds (D:2)
  A bullfrog (D:2)
  3 jellies (D:2)
  Jessica (D:2)
  11 sewer rats (D:2)
  2 cinder newts
  A hound skeleton (D:3)
  3 oozes (D:2)
  4 dart slugs (D:1)
  3 leopard geckos
  7 giant cockroaches
  5 goblins (D:1)
  6 hobgoblins (D:1)
  6 bats
  9 kobolds
  2 rats (D:1)
  2 giant blowflies (D:2)
  3 withered plants (D:2)
71 creatures vanquished.

Vanquished Creatures (collateral kills)
  3 plants (D:1)
3 creatures vanquished.

Vanquished Creatures (others)
  6 sewer rats (D:2)
  175 foxfires
  59 withered plants (D:2)
240 creatures vanquished.

Grand Total: 314 creatures vanquished

Notes
Turn   | Place    | Note
-------+----------+-------------------------------------------
     0 | D:1      | Amnesiac the Fairy Fire Elementalist began the quest for
                  | the Orb.
     0 | D:1      | Reached XP level 1. HP: 3/3 MP: 3/3
    63 | D:1      | Reached XP level 2. HP: 3/3 MP: 3/3
   293 | D:1      | Reached skill level 4 in Fire Magic
   293 | D:1      | Reached XP level 3. HP: 4/4 MP: 3/3
   298 | D:1      | Learned a level 3 spell: Conjure Flame
   301 | D:1      | Learned a level 2 spell: Searing Ray
   613 | D:2      | Found an opulent altar of Gozag.
   631 | D:2      | Reached XP level 4. HP: 3/4 MP: 2/3
   734 | D:2      | Reached skill level 5 in Fire Magic
   734 | D:2      | Reached XP level 5. HP: 4/4 MP: 2/3
  1105 | D:2      | Reached XP level 6. HP: 4/5 MP: 1/3
  1402 | D:2      | Reached skill level 6 in Fire Magic
  1468 | D:2      | Noticed Jessica
  1471 | D:2      | Killed Jessica
  1542 | D:2      | Reached skill level 5 in Dodging
  1967 | D:3      | Succumbed to an adder's poison

Levels and vault maps discovered:
D:1:      dpeg_arrival_rhombus, layout_cave_pools, kennysheep_boxes
D:2:      layout_sewer, nicolae_gozag_seed_capital, uniq_jessica
D:3:      layout_rooms, old_standard_altar, first_ration,
          bcadren_nooodl_food_pyramid, nicolae_ossuary_entry_plus

Skill      XL: |  1  2  3  4  5  6 |
---------------+-------------------+-----
Dodging        | 3 4 5 |  5.1
Fire Magic     | 4 5 6 |  6.5
Spellcasting   | 3 4 |  4.5
Stealth        | 2 |  2.0

Action                   |  1- 3 |  4- 6 || total
-------------------------+-------+-------++-------
 Cast: Foxfire           |    79 |    43 ||   122
       Searing Ray       |    15 |    38 ||    53
       Conjure Flame     |       |     2 ||     2
  Eat: Chunk             |       |     5 ||     5
       Ration            |       |     1 ||     1
Dodge: Dodged            |    28 |    54 ||    82
